 Dungeon Crawl Stone Soup version 0.16.1-12-gf5c4a84 (webtiles) character file.

1530 ztt the Shield-Bearer (level 8, -6/73 HPs)
             Began as a Minotaur Fighter on Apr 8, 2015.
             Killed by nerve-wracking pain
             ... invoked by a shadow imp
              (14 damage)
             ... on level 6 of the Dungeon.
             The game lasted 00:08:48 (5803 turns).

ztt the Shield-Bearer (Minotaur Fighter)            Turns: 5803, Time: 00:08:48

Health: -6/73      AC: 15    Str: 23    XL:     8   Next: 55%
Magic:  3/3        EV:  6    Int:  5    God:
Gold:   448        SH: 12    Dex: 10    Spells: 0 memorised, 7 levels left

rFire  . . .     SeeInvis .     a - +0 war axe
rCold  . . .     Clarity  .     m - +0 plate armour
rNeg   . . .     SustAb   .     c - +1 shield
rPois  .         Gourm    .     (helmet restricted)
rElec  .         Spirit   .     w - +0 cloak
rCorr  .         Warding  .     (no gloves)
rMut   .         Stasis   .     I - +0 pair of boots
MR     .....                    B - amulet of rage
Stlth  ..........               (no ring)
                                (no ring)

@: not resistant to hostile enchantments, extremely unstealthy
A: retaliatory headbutt, horns 2
a: Evoke Berserk Rage


You were on level 6 of the Dungeon.
You were near starving.

You visited 2 branches of the dungeon, and saw 7 of its levels.
You also visited: Sewer.

You collected 448 gold pieces.

Inventory:

Hand weapons
 a - a +0 war axe (weapon)
Armour
 c - a +1 shield (worn)
 m - a +0 plate armour (worn)
 w - a +0 cloak (worn)
 I - a +0 pair of boots (worn)
Jewellery
 p - an uncursed amulet of warding
 B - an amulet of rage (around neck)
 D - an uncursed ring of ice {unknown}
Magical devices
 l - a wand of fireball (6)
 x - a wand of fire (6)
 A - a wand of lightning (3)
 E - a wand of confusion (26)
 K - a wand of polymorph (10)
 L - a wand of enslavement (9)
Scrolls
 n - 3 scrolls of amnesia {unknown}
 q - 3 scrolls of remove curse {unknown}
 s - a scroll of fear {unknown}
 t - 2 scrolls of recharging {unknown}
 u - 12 scrolls of identify
 v - 2 scrolls of magic mapping {unknown}
 y - 2 scrolls of random uselessness {unknown}
 G - 2 scrolls of teleportation
Potions
 f - a potion of cure mutation {unknown}
 g - 3 potions of brilliance {unknown}
 h - a potion of mutation {unknown}
 i - a potion of flight {unknown}
 j - 3 potions of ambrosia {unknown}
 k - a potion of curing
 o - 2 potions of restore abilities {unknown}
 z - 3 potions of haste {unknown}
 C - a potion of berserk rage {unknown}
 J - 3 potions of agility
Books
 r - a Young Poisoner's Handbook

   Spells                             Type                      Level
   a - Sting                          Conjuration/Poison           1
   b - Cure Poison                    Poison                       2
   c - Mephitic Cloud                 Conjuration/Poison/Air       3
   d - Olgreb's Toxic Radiance        Poison                       4
   e - Venom Bolt                     Conjuration/Poison           5
 F - a book of Spatial Translocations

   Spells                             Type                      Level
   a - Apportation                    Translocation                1
   b - Blink                          Translocation                2
   c - Shroud of Golubria             Charms/Translocation         2
   d - Portal Projectile              Translocation                3
   e - Teleport Other                 Translocation                3
   f - Passage of Golubria            Translocation                4
Comestibles
 b - 2 meat rations
 d - 5 bread rations
 H - a beef jerky


   Skills:
 + Level 7.2 Fighting
 + Level 6.2 Axes
 + Level 6.4 Armour
 + Level 3.1 Dodging
 + Level 0.5 Stealth
 + Level 7.8 Shields


You had 7 spell levels left.
You didn't know any spells.

Dungeon Overview and Level Annotations

Branches:
Dungeon (6/15)             Temple (1/1) D:5

Altars:
Cheibriados
Dithmenos
Elyvilon
Fedhas
Gozag
Kikubaaqudgha
Makhleb
Nemelex Xobeh
Qazlal
Ru
Sif Muna
Trog
Vehumet
Xom
Yredelemnul
Zin
The Shining One

Annotations:
D:6 1 runed door


Innate Abilities, Weirdness & Mutations

You reflexively headbutt those who attack you in melee.
You have a pair of horns on your head.


Message History

You slash the worker ant!
You kill the worker ant!
You see here a worker ant corpse.
You start resting.
You feel sick.
You feel sick. x4
You are no longer poisoned.
You start resting.
A shadow imp comes into view.
A shadow imp is nearby!
You are too injured to fight recklessly!
You are too injured to fight recklessly!
You are too injured to fight recklessly!
You are too injured to fight recklessly!
The shadow imp shouts!
The shadow imp gestures at you. Pain shoots through your body!
* * * LOW HITPOINT WARNING * * *
The shadow imp gestures at you. Pain shoots through your body!
You die...

#...)#######...####.#
#>..)).# ##.#.# #.#
#...)#.####..#>####..
######......##.......
####...#######..
############[.##.......
#....†.††..........##..
#########'########.....
#....@†.........#.....
#........b......#..##.
#....#######....#.....
#...5# #....#..>#.
#....+Bsb.B'....#.###.
#....#.saby#....#...#.
#....#######....###.#.
#..........)....# #.##
#...............###...


You could see a shadow imp.

Vanquished Creatures
  A hippogriff (D:4)
  A soldier ant (D:6)
  A centaur (D:5)
  2 giant frogs (Sewer)
  A scorpion (D:6)
  A killer bee (D:6)
  A crimson imp (D:6)
  4 wights (D:6)
  3 goliath beetles (D:6)
  A giant frog skeleton (D:5)
  An orc priest (D:6)
  A hound (D:5)
  4 orc wizards
  6 worker ants
  Ijyb (D:2)
  7 gnolls
  8 adders
  8 giant mites
  A worm (D:6)
  2 shadow imps (D:6)
  An adder skeleton (D:6)
  An adder zombie (D:6)
  An ooze (D:4)
  19 orcs
  12 bats
  A bat skeleton (D:5)
  12 giant cockroaches
  13 hobgoblins
  4 jackals (D:1)
  11 kobolds
  A quokka (D:6)
  3 ball pythons
  6 giant geckos
  12 giant newts
  10 goblins
  A jackal skeleton (D:6)
  A quokka skeleton (D:6)
  7 rats
  2 bushes (D:1)
  2 plants (D:1)
175 creatures vanquished.

Vanquished Creatures (others)
  A quokka (D:6)
1 creature vanquished.

Grand Total: 176 creatures vanquished

Notes
Turn   | Place    | Note
--------------------------------------------------------------
     0 | D:1      | ztt, the Minotaur Fighter, began the quest for the Orb.
     0 | D:1      | Reached XP level 1. HP: 19/19 MP: 1/1
   130 | D:1      | Reached skill level 4 in Fighting
   130 | D:1      | Reached XP level 2. HP: 14/27 MP: 1/1
   596 | D:1      | Reached XP level 3. HP: 33/33 MP: 2/2
  1466 | D:2      | Reached skill level 1 in Dodging
  1468 | D:2      | Noticed Ijyb
  1490 | D:2      | Killed Ijyb
  1490 | D:2      | Reached XP level 4. HP: 16/41 MP: 2/2
  2674 | D:4      | Reached XP level 5. HP: 34/47 MP: 2/2
  2719 | D:4      | Found a snail-covered altar of Cheibriados.
  2721 | D:4      | Found a burning altar of Makhleb.
  2738 | D:4      | Found a sacrificial altar of Ru.
  2743 | D:4      | Found a bloodstained altar of Trog.
  3148 | D:4      | Noticed a hippogriff
  3159 | D:4      | Killed a hippogriff
  3159 | D:4      | Reached skill level 5 in Fighting
  3159 | D:4      | Reached skill level 5 in Armour
  3159 | D:4      | Reached skill level 5 in Shields
  3159 | D:4      | Reached XP level 6. HP: 42/56 MP: 3/3
  3254 | D:4      | Found a glowing drain.
  3276 | Sewer    | Entered a sewer
  3499 | Sewer    | Got a warped plate armour
  3513 | Sewer    | Identified the +0 plate armour "Roickecw" {rN+ MP+9 Str-2} (You found it in a sewer)
  3766 | D:4      | Reached skill level 6 in Shields
  3766 | D:4      | Reached XP level 7. HP: 53/61 MP: 3/3
  4073 | D:5      | Entered Level 5 of the Dungeon
  4389 | D:5      | Found a glowing silver altar of Zin.
  4465 | D:5      | Found a staircase to the Ecumenical Temple.
  4477 | Temple   | Entered the Ecumenical Temple
  5025 | D:6      | Reached skill level 7 in Shields
  5111 | D:6      | Reached skill level 5 in Axes
  5114 | D:6      | Reached XP level 8. HP: 68/71 MP: 3/3
  5180 | D:6      | Found a runed door.
  5492 | D:6      | Found a white marble altar of Elyvilon.
  5627 | D:6      | Found a runed door.
  5803 | D:6      | Killed from afar by a shadow imp

Action                   |  1- 3 |  4- 6 |  7- 9 || total
-------------------------+-------+-------+-------++-------
Melee: War axe           |   276 |   168 |   202 ||   646
  Use: Scroll            |     2 |     1 |       ||     3
       Potion            |       |       |     3 ||     3
  Eat: Chunk             |     1 |     3 |     1 ||     5
       Bread ration      |       |     1 |     1 ||     2
       Beef jerky        |       |     1 |       ||     1
